 Dungeon Crawl Stone Soup version 0.29.0-4-gdea44cf6ec (webtiles) character file.

Game seed: 14534371349152480606

112 qw the Chopper (level 4, -1/28 HPs)
             Began as a Gargoyle Fighter on Sept 4, 2022.
             Slain by Sigmund
             ... wielding a +0 scythe
              (7 damage)
             ... on level 3 of the Dungeon.
             The game lasted 00:00:57 (3059 turns).

qw the Chopper (Gargoyle Fighter)                   Turns: 3059, Time: 00:00:58

Health: -1/28      AC: 10    Str: 21    XL:     4   Next: 95%
Magic:  4/4        EV:  9    Int:  9    God:
Gold:   187        SH:  0    Dex:  9    Spells: 3/3 levels left

rFire   + . .      SeeInvis .   Y - +1 war axe (freeze)
rCold   . . .      Faith    .   c - +0 buckler
rNeg    + . .      Spirit   .   b - +0 scale mail
rPois   inf        Reflect  .   (no helmet)
rElec   +          Harm     .   (no cloak)
rCorr   .          Rampage  .   (no gloves)
Will    .....                   (no boots)
Stlth   ..........              (no amulet)
HPRegen 0.09/turn               m - ring of protection from fire
MPRegen 0.09/turn               (no ring)

@: confused
A: sickness immunity, AC +3, negative energy resistance 1, electricity
resistance, torment resistance 1, petrification resistance
a: no special abilities


You were on level 3 of the Dungeon.
You visited 1 branch of the dungeon, and saw 3 of its levels.

You collected 214 gold pieces.
You spent 27 gold pieces at shops.


Innate Abilities, Weirdness & Mutations

You are immune to sickness and miasma.
Your stone body is resilient. (AC +3)
You are immune to poison.
You resist negative energy. (rN+)
You are resistant to electric shocks. (rElec)
You are resistant to unholy torment.
You are immune to petrification.


   Skills:
 - Level 3.2 Fighting
 + Level 4.2 Axes
 - Level 1.1 Throwing
 - Level 3.2 Armour
 - Level 3.2 Shields


You had 3 spell levels left.
You didn't know any spells.
Your spell library was empty.

Inventory:

Hand Weapons
 i - a +0 whip
 Y - a +1 war axe of freezing (weapon)
Armour
 b - a +0 scale mail (worn)
 c - a +0 buckler (worn)
 f - a +0 helmet
 k - a +0 cloak
Jewellery
 a - a ring of magical power
 m - a ring of protection from fire (left hand)
Scrolls
 g - 2 scrolls of identify
Potions
 d - 3 potions of might
 e - 2 potions of heal wounds {unknown}
 h - 2 potions of berserk rage {unknown}
 j - a potion of cancellation {unknown}

Dungeon Overview and Level Annotations

Branches:
Dungeon (3/15)

Altars:

Shops:
D:1 (

Annotations:
D:3 Sigmund


Message History

You hit the worm. You freeze the worm.
You kill the worm!
You start resting.
HP restored.
Found 3 scrolls of amnesia.
Sigmund the Dreaded comes into view.
He is wielding a +0 scythe.
Sigmund shouts!
Enter note:
Enter note:
Enter note:
Enter note:
Enter note:
Enter note: Sigmund points at you and mumbles some strange words.
The magic dart hits you. Sigmund casts a spell at you.
The magic dart hits you but does no damage.
Sigmund points at you and mumbles some strange words.
The magic dart hits you!
Found a stone staircase leading down.
Sigmund hits you but does no damage.
You hit Sigmund. You freeze Sigmund.
Sigmund is lightly wounded.
Sigmund hits you with a +0 scythe!
You hit Sigmund. You freeze Sigmund.
Sigmund is moderately wounded.
You block Sigmund's attack.
You hit Sigmund. You freeze Sigmund.
Sigmund is severely wounded.
Sigmund hits you but does no damage.
You barely miss Sigmund.
Sigmund is severely wounded.
Sigmund gestures at you while chanting.
You are confused.
You closely miss Sigmund.
Sigmund is severely wounded.
Sigmund hits you with a +0 scythe. Sigmund closely misses you.
Sigmund hits you from afar with a +0 scythe!
You die...

.......)........
....................
.....................
...................?..
.......................
...........(............
........................
........................
.>....@.@...............
........................
........................
#..................%.......
#..........................
#..........................
#..........................
#..........................
#.<........................


You could see Sigmund.

Vanquished Creatures
  Terence (D:2)
  3 adders
  3 worms
  2 dart slugs (D:1)
  4 ball pythons
  5 endoplasms
  A giant cockroach (D:1)
  4 goblins
  A hobgoblin (D:2)
  5 jackals
  6 bats
  3 frilled lizards
  7 kobolds
  5 rats
50 creatures vanquished.

Notes
Turn   | Place    | Note
-------+----------+-------------------------------------------
     0 | D:1      | qw the Gargoyle Fighter began the quest for the Orb.
     0 | D:1      | Reached XP level 1. HP: 14/14 MP: 1/1
     0 | D:1      | 0 ||| qw: Version: 0.1-a-102-g441f92d
     0 | D:1      | 0 ||| qw: Game counter: 5329
     0 | D:1      | 0 ||| qw: Always use a shield: true
     0 | D:1      | 0 ||| qw: God list: Okawaru
     0 | D:1      | 0 ||| qw: Allow faded altars: false
     0 | D:1      | 0 ||| qw: Do Orc after D:15 true
     0 | D:1      | 0 ||| qw: Do second Lair branch before Depths: true
     0 | D:1      | 0 ||| qw: Lair rune preference: random
     0 | D:1      | 0 ||| qw: Plans: Normal
     0 | D:1      | 0 ||| PLANNING D:1-11
   106 | D:1      | Reached skill level 2 in Axes
   391 | D:1      | Reached XP level 2. HP: 19/19 MP: 2/2
   480 | D:1      | Found Baisel's Weapon Shop.
   493 | D:1      | 493 ||| BUYING +0 whip (27 gold).
   493 | D:1      | Bought a +0 whip for 27 gold pieces
   493 | D:1      | 493 ||| DROPPING +0 club.
   850 | D:1      | 850 ||| Stepping ~*~*~tactically~*~*~ (stealth).
  1107 | D:1      | Reached skill level 3 in Axes
  1499 | D:1      | Reached XP level 3. HP: 23/23 MP: 3/3
  1651 | D:1      | 1651 ||| UPGRADING to ring of protection from fire.
  1652 | D:1      | 1652 ||| READING scroll labelled GIASAI MAKEPUZ.
  1653 | D:1      | 1653 ||| READING scroll labelled OFOSMOMPAQ.
  1654 | D:1      | 1654 ||| READING scroll labelled YCSOME AB BUOGH.
  1655 | D:1      | 1655 ||| READING scroll labelled RYBEMIAFUAT.
  1656 | D:1      | 1656 ||| READING scroll labelled PARIUR ORODUNK.
  1657 | D:1      | 1657 ||| READING scroll labelled VEICINW BIEFUNYQIL.
  1658 | D:1      | 1658 ||| READING scroll labelled WOIRUBA FYSCHUO.
  1759 | D:1      | 1759 ||| READING scroll labelled BOSISY GESEYTATZ.
  1760 | D:1      | 1760 ||| READING scroll labelled FENIUH HIOMONN.
  1795 | D:2      | Reached skill level 1 in Throwing
  1889 | D:2      | 1889 ||| Stepping ~*~*~tactically~*~*~ (stealth).
  2072 | D:2      | Noticed Terence
  2078 | D:2      | Killed Terence
  2079 | D:2      | Reached XP level 4. HP: 24/28 MP: 4/4
  2125 | D:2      | 2125 ||| Stepping ~*~*~tactically~*~*~ (stealth).
  2539 | D:2      | 2539 ||| READING scroll labelled NAFIBLANUN.
  2540 | D:2      | 2540 ||| READING scroll labelled VAIKKIP IFOSIE.
  2541 | D:2      | 2541 ||| READING scroll labelled OCAIPPOBRA.
  2625 | D:3      | Reached skill level 4 in Axes
  2788 | D:3      | 2788 ||| Stepping ~*~*~tactically~*~*~ (stealth).
  3046 | D:3      | Noticed Sigmund
  3056 | D:3      | HP: 6/28 [Sigmund/+0 scythe (3)]
  3059 | D:3      | Slain by Sigmund

Levels and vault maps discovered:
D:1:      matt_arrival_grand_opening, layout_basic, serial_shops,
          nicolae_shop_bloodbath_and_beyond
D:2:      layout_loops_ring, uniq_terence
D:3:      kb_forest_paths, layout_basic, uniq_sigmund

Skill      XL: |  1  2  3  4 |
---------------+-------------+-----
Axes           | 2 3 4 |  4.2
Throwing       | 1 |  1.1
Fighting       | |  3.2
Armour         | |  3.2
Shields        | |  3.2

Action                   |  1- 3 |  4- 6 || total
-------------------------+-------+-------++-------
Melee: War axe           |    87 |    30 ||   117
Throw: Javelin           |    15 |    16 ||    31
  Use: Scroll            |     9 |     3 ||    12
Armor: Scale mail        |    50 |     7 ||    57
Dodge: Dodged            |    45 |    13 ||    58
Block: Buckler           |    14 |     4 ||    18

Table legend:
 A = Non-vault XP
 B = Vault XP
 C = Vault XP percentage of total XP
 D = Non-vault monster count
 E = Vault monster count
 F = Vault count percentage of total count
                 A         B        C        D         E       F
            +---------+---------+-------+---------+---------+-------
      Total |     108 |      53 |  32.9 |      45 |       5 |  10.0
            +---------+---------+-------+---------+---------+-------
        D:1 |      40 |       0 |   0.0 |      22 |       0 |   0.0
        D:2 |      53 |      36 |  40.4 |      18 |       1 |   5.3
        D:3 |      15 |      17 |  53.1 |       5 |       4 |  44.4
            +---------+---------+-------+---------+---------+-------
